 Dungeon Crawl Stone Soup version 0.29-a0-542-g075992c915 (webtiles) character file.

Game seed: 13678283563346972086

583 oldmanjim the Chopper (level 7, 0/57 (61) HPs)
             Began as a Hill Orc Fighter on June 4, 2022.
             Was an Initiate of Beogh.
             Slain by a wight
             ... wielding a +3 mace
              (7 damage)
             ... on level 4 of the Dungeon.
             The game lasted 00:23:46 (4595 turns).

oldmanjim the Chopper (Hill Orc Fighter)            Turns: 4595, Time: 00:23:47

HP:   0/57 (61)     AC: 10    Str: 21    XL:     7   Next: 37%
MP:   9/10          EV:  9    Int:  8    God:    Beogh [......]
Gold: 161           SH:  5    Dex: 10    Spells: 6/6 levels left

rFire   . . .      SeeInvis .   a - +1 war axe
rCold   . . .      Faith    .   c - +0 buckler
rNeg    . . .      Spirit   .   t - +0 scale mail
rPois   .          Reflect  .   y - +0 helmet
rElec   .          Harm     .   (no cloak)
rCorr   .          Rampage  .   q - +0 pair of gloves
Will    .....                   e - +0 pair of boots
Stlth   ..........              (no amulet)
HPRegen 0.19/turn               (no ring)
MPRegen 0.12/turn               (no ring)

@: drained
A: no striking features
a: Renounce Religion


You were on level 4 of the Dungeon.
You worshipped Beogh.
Beogh was noncommittal.
You visited 1 branch of the dungeon, and saw 5 of its levels.

You collected 161 gold pieces.

Inventory:

Hand Weapons
 a - a +1 war axe (weapon)
 b - a +2 dagger of venom
Missiles
 k - 47 stones (quivered)
 s - 2 silver javelins
 w - 2 poisoned darts
 x - a throwing net
Armour
 c - a +0 buckler (worn)
 e - a +0 pair of boots (worn)
 q - a +0 pair of gloves (worn)
 t - a +0 scale mail (worn)
 y - a +0 helmet (worn)
Wands
 r - a wand of iceblast (9)
 A - a wand of flame (20)
Scrolls
 g - 3 scrolls of immolation
 u - a scroll of enchant weapon
Potions
 d - a potion of might
 f - a potion of haste
 h - a potion of degeneration {unknown}
 i - a potion of heal wounds {unknown}
 m - a potion of invisibility {unknown}
 o - 2 potions of brilliance
 v - a potion of ambrosia {unknown}


   Skills:
 - Level 5.0 Fighting
 + Level 6.8 Axes
 - Level 3.2 Armour
 - Level 5.0 Shields
 + Level 4.9 Invocations


You had 6 spell levels left.
You didn't know any spells.
Your spell library was empty.

Dungeon Overview and Level Annotations

Branches:
Dungeon (5/15)
 Temple: D:4-7

Altars:


Message History

The black bear barely misses you. The black bear claws you.
The wight misses you. You block the black bear's attack.
The black bear claws you. The black bear barely misses you.
You are too injured to fight recklessly!
You are too injured to fight recklessly!
Unknown command.
You slash the black bear!
The black bear is almost dead.
You hit the wight. The black bear barely misses you.
The black bear claws you. x2
The wight hits you but does no damage. The black bear completely misses you.
The black bear claws you. x2
You slash the black bear!
You kill the black bear!
Beogh accepts your kill.
You completely miss the wight. The wight hits you with a +3 mace!
* * * LOW HITPOINT WARNING * * *
The wight hits you but does no damage.
Your life force feels restored.
You feel better. The wight barely misses you.
You hit the wight.
The wight is heavily damaged.
The wight hits you with a +3 mace.
You feel drained.
You hit the wight but do no damage.
The wight is heavily damaged.
The wight hits you with a +3 mace!
* * * LOW HITPOINT WARNING * * *
You feel drained.
* * * LOW HITPOINT WARNING * * *
You hit the wight but do no damage.
The wight is heavily damaged.
The wight barely misses you.
You closely miss the wight.
The wight is heavily damaged.
The wight closely misses you.
You feel better. The wight hits you with a +3 mace.
* * * LOW HITPOINT WARNING * * *
You hit the wight but do no damage.
The wight is heavily damaged.
The wight hits you with a +3 mace!
You die...

#..#....#............#..##...
........#.....#..............
........#.....#...............
........#.....#...............
#.......#.....#.............
#.......#.....#.........
#....##..#....#......#
........##..##..z...#
..#.##..##.....@....#
#............)...##
#..#..###.#...)......#
#..#.§###.#......###..
#.§#.§§§..#.#.#.##
#..§§<........#...
.##.§§§§###.#.#.#####
.....§§.§....#.#.....
.....#§.§###.#.#. ...


You could see a wight.

Vanquished Creatures
  A black bear (D:4)
  2 phantoms (D:4)
  2 wights
  4 hounds
  An iguana (D:5)
  3 gnolls
  3 adders
  A white imp (D:5)
  A dart slug (D:1)
  An orc (D:5)
  6 endoplasms
  3 giant cockroaches
  3 hobgoblins
  7 jackals
  3 quokkas
  2 ball pythons
  5 bats
  A frilled lizard (D:1)
  5 goblins
  4 kobolds
  8 rats
  3 toadstools (D:1)
69 creatures vanquished.

Vanquished Creatures (others)
  A wight (D:4)
  An orc priest (D:4)
  An orc wizard (D:4)
  3 orcs (D:4)
  A ball python (D:4)
  8 fungi (D:5)
  A toadstool (D:1)
16 creatures vanquished.

Grand Total: 85 creatures vanquished

Notes
Turn   | Place    | Note
-------+----------+-------------------------------------------
     0 | D:1      | oldmanjim the Hill Orc Fighter began the quest for the Orb.
     0 | D:1      | Reached XP level 1. HP: 19/19 MP: 1/1
     2 | D:1      | Found a faded altar of an unknown god.
   126 | D:1      | Reached skill level 3 in Axes
   126 | D:1      | Reached XP level 2. HP: 27/27 MP: 2/2
   387 | D:1      | Reached XP level 3. HP: 33/33 MP: 3/3
  1373 | D:4      | Became a worshipper of Beogh the Brigand
  1382 | D:4      | Reached XP level 4. HP: 8/41 MP: 4/4
  1390 | D:4      | Reached skill level 4 in Axes
  2250 | D:2      | Reached XP level 5. HP: 39/47 MP: 5/5
  3111 | D:3      | You fall into a shaft and drop 2 floors!
  3111 | D:5      | Entered Level 5 of the Dungeon
  3335 | D:5      | Reached skill level 5 in Fighting
  3362 | D:5      | Reached skill level 1 in Invocations
  3473 | D:5      | Reached skill level 5 in Axes
  3473 | D:5      | Reached skill level 5 in Shields
  3473 | D:5      | Reached XP level 6. HP: 39/56 MP: 7/7
  4573 | D:4      | Reached skill level 6 in Axes
  4581 | D:4      | Noticed a black bear
  4583 | D:4      | Reached XP level 7. HP: 56/61 MP: 8/10
  4595 | D:4      | Slain by a wight

Illustrated notes

Levels and vault maps discovered:
D:1:      ldierk_water_garden, layout_rooms,
          hellmonk_ecumenical_altar_arch_garden
D:2:      layout_basic, serial_bayou_pond_e, dreamdust_mushroom_princess
D:3:      layout_basic
D:4:      layout_basic, general_overflow_altar, serial_shops,
          nicolae_shop_advertising_works [nicolae_subvault_shop_adworks],
          saegor_snake_ambush
D:5:      layout_rooms, dreamdust_gnoll_farm

Skill      XL: |  1  2  3  4  5  6 |
---------------+-------------------+-----
Fighting       | 4 5 |  5.0
Axes           | 3 4 5 6 |  6.8
Shields        | 4 5 |  5.0
Invocations    | 1 4 |  4.9
Armour         | |  3.2

Action                   |  1- 3 |  4- 6 |  7- 9 || total
-------------------------+-------+-------+-------++-------
Melee: War axe           |    91 |    66 |    10 ||   167
       Dagger            |       |    54 |       ||    54
Throw: Stone             |       |     9 |       ||     9
       Dart              |       |     2 |       ||     2
Invok: Convert to Beogh  |     1 |       |       ||     1
  Use: Scroll            |       |     8 |       ||     8
       Potion            |       |       |     2 ||     2
Armor: Scale mail        |    64 |    55 |     2 ||   121
Dodge: Dodged            |    59 |    77 |     8 ||   144
Block: Buckler           |    22 |    25 |     2 ||    49

Table legend: (Time is in decaauts)
 A = Elapsed time spent in this place.
 B = Non-inter-level travel time spent in this place.
 C = Inter-level travel time spent in this place.
 D = Time resting spent in this place.
 E = Time spent auto-exploring this place.
 F = Levels seen in this place.
 G = Mean time per level.
                   A        B        C        D        E       F      G
               +--------+--------+--------+--------+--------+-----+--------+
         Total |   4654 |   4506 |    148 |   1490 |   2118 |   5 |  930.8 |
       Dungeon |   4654 |   4506 |    148 |   1490 |   2118 |   5 |  930.8 |
               +--------+--------+--------+--------+--------+-----+--------+

Top non-repeatable levels by time:
     D:3: 1678 daAuts
     D:2: 943 daAuts
     D:5: 838 daAuts
     D:1: 727 daAuts
     D:4: 466 daAuts
